[Event "Early-Titled-Tuesday-Blitz-March-05-2024"]
[Site "Chess.com"]
[Date "2024.03.05"]
[Round "4"]
[White "ikhasu"]
[Black "profedechess93"]
[Result "0-1"]
[WhiteElo "2446"]
[BlackElo "2650"]
[TimeControl "180+1"]
[EndTime "8:42:02 PST"]
[Termination "profedechess93 won by resignation"]

1. Nf3 d5 2. b3 Nf6 3. Bb2 a6 4.
c4 c6 5. g3 e6 6. Bg2 Nbd7 7.
O-O Bd6 8. d4 O-O 9. Nbd2 Qe7 10.
Ne5 Ba3 11. Bxa3 Qxa3 12. Qc2 a5 13. Rab1 Nxe5 14. dxe5 Nd7 15. Nf3 h6 16. Rfd1 Qc5 17. Rbc1 a4 18. Qb2 Qb4 19. cxd5 exd5 20. Rd4 Qb6 21.
b4 a3 22. Qd2 Re8 23. Rg4 Nxe5 24. Nxe5 Rxe5 25. Rd4 Bf5 26. e3 Bg6 27. Rc3 Ra4 28. Rb3 h5 29. Qc3 Re8 30. Rxa3 Rea8 31. Rxa4 Rxa4 32. Qb3 Qa7 33. Rd2 Ra3 34. Qb2 Ra4 35.
b5 Qa5 36. bxc6 bxc6 37. h4 Rb4 38. Qd4 Rxd4 39. exd4 Qxd2 0-1

[Event "Early-Titled-Tuesday-Blitz-March-05-2024"]
[Site "Chess.com"]
[Date "2024.03.05"]
[Round "4"]
[White "campochess"]
[Black "balack95"]
[Result "0-1"]
[WhiteElo "2221"]
[BlackElo "2461"]
[TimeControl "180+1"]
[EndTime "8:42:02 PST"]
[Termination "balack95 won by resignation"]

1. e4 c5 2. Nc3 e6 3. Nf3 d5 4.
exd5 exd5 5. Bb5+ Nc6 6. Qe2+ Be7 7. d4 Nf6 8. dxc5 d4 9. Bxc6+ bxc6 10. Ne4 O-O 11. Nxf6+ Bxf6 12. O-O Qd5 13. Rd1 Bg4 14. c4 Qxc5 15. Qe4 Bxf3 16. Qxf3 Qxc4 17. Bf4 c5 18. b3 Qa6 19. Rac1 Rac8 20. a4 Rfd8 21.
Rd3 h6 22. h3 c4 23. bxc4 Rxc4 24. Rcd1 Rxa4 25. Qg3 Kh7 26. Be5 Bxe5 27. Qxe5 Ra1 28. Rxa1 Qxa1+ 29. Kh2 Qb2 30. Rg3 f6 31. Qe7 Rg8 32.
Qxa7 Qxf2 33. Qf7 Qf4 34. Qd7 h5 35. Qf7 h4 36. Qg6+ Kh8 37. Qh5+ Qh6 38. Qxh6+ gxh6 39. Rd3 Rd8 40. Kg1 Kg7 41. Kf2 Kg6 42. Kf3 Kf5 43. Ke2 Ke4 44. Kd2 f5 45. Ra3 Rb8 46. Ra7 Rb2+ 47. Ke1 Rxg2 48. Re7+ Kf3 0-1

[Event "Early-Titled-Tuesday-Blitz-March-05-2024"]
[Site "Chess.com"]
[Date "2024.03.05"]
[Round "4"]
[White "Yan_Dyomin2010"]
[Black "WindWhistler11"]
[Result "1-0"]
[WhiteElo "2706"]
[BlackElo "2525"]
[TimeControl "180+1"]
[EndTime "8:42:03 PST"]
[Termination "Yan_Dyomin2010 won by resignation"]

1. e4 e6 2. d4 d5 3. e5 c5 4.
c3 Nc6 5. Nf3 Bd7 6. Be2 Nge7 7.
Na3 cxd4 8. cxd4 Nf5 9. Nc2 Be7 10. O-O Rc8 11. Bd3 h5 12. Bxf5 exf5 13. Qd2 Rh6 14. b3 Rg6 15. Ba3 Rg4 16. Bxe7 Nxe7 17. h3 Rg6 18. Nb4 a5 19. Nd3 Bb5 20. Rfc1 Bxd3 21. Qxd3 Rgc6 22. Rxc6 Rxc6 23. Re1 Qc8 24. Qe3 Rc2 25. Qg5 g6 26. e6 fxe6 27. Qf6 Rc1 28. Qh8+ Kd7 29. Ne5+ Kd6 30. Nc4+ Rxc4 31. Qe5+ Kd7 32.
bxc4 Qc6 33. c5 g5 34. Rb1 Qc7 35. Rb6 Qxe5 36. dxe5 Nc6 37. Rxb7+ Kd8 38. Rh7 Nxe5 39. Rxh5 Nf7 40. Rh7 Ne5 41. Kf1 Nc4 42. Ke2 e5 43. c6 Nd6 44. Rd7+ Kc8 45. Rxd6 1-0

[Event "Early-Titled-Tuesday-Blitz-March-05-2024"]
[Site "Chess.com"]
[Date "2024.03.05"]
[Round "4"]
[White "Herman-NY"]
[Black "Azalea95"]
[Result "1-0"]
[WhiteElo "2522"]
[BlackElo "2339"]
[TimeControl "180+1"]
[EndTime "8:42:03 PST"]
[Termination "Herman-NY won on time"]

1. e4 e6 2. d4 d5 3. Nd2 Be7 4. c3 c5 5. e5 Nc6 6. Ndf3 f6 7. Bd3 cxd4 8. cxd4 Qc7 9. Bf4 g5 10. Bg3 f5 11. Nxg5 Bxg5 12. Qh5+ Qf7 13. Qxg5 Nxd4 14. Ne2 Nc6 15. O-O Nge7 16. Nf4 Rg8 17. Qh6 Nxe5 18.
Bb5+ N5c6 19. Rfe1 Rg6 20. Nxg6 Qxg6 21. Qf4 Bd7 22. Qc7 a6 23. Bxc6 Bxc6 24. Bd6 Qf7 25.
Re2 Rc8 26. Qa5 Bd7 27. Bxe7 Qxe7 28. Rae1 Rc5 29. Qb4 Bc8 30. h3 Kd8 31. g3 Qc7 32. Qd4 Bd7 33. Qh8+ Be8 34. Rxe6 1-0

[Event "Early-Titled-Tuesday-Blitz-March-05-2024"]
[Site "Chess.com"]
[Date "2024.03.05"]
[Round "4"]
[White "Bekkedahl"]
[Black "Massakru"]
[Result "0-1"]
[WhiteElo "2177"]
[BlackElo "2382"]
[TimeControl "180+1"]
[EndTime "8:42:03 PST"]
[Termination "Massakru won on time"]

1. e4 e5 2. Nf3 Nc6 3. Bb5 a6 4. Ba4 Nf6 5. O-O Be7 6. Re1 b5 7. Bb3 d6 8. h3 O-O 9. c3 Na5 10. Bc2 c5 11. d4 Qc7 12. Nbd2 cxd4 13. cxd4 Nc6 14. d5 Nb4 15. Bb1 a5 16. a3 Na6 17.
Bd3 Bd7 18. b3 Qc3 19. Qc2 Qxa1 20. Bb2 Qxe1+ 21. Nxe1 Rac8 22. Qd1 Nc5 23. Bc2 Rc7 24. b4 axb4 25. axb4 Na6 26. Nd3 Rfc8 27. Bb3 g6 28.
Qf3 Nh5 29. Qe3 Nb8 30. g4 Nf4 31. Nxf4 Bg5 32. Qb6 Bxf4 33. Nf3 h5 34. Qxd6 hxg4 35. hxg4 Bxg4 36. Nxe5 Bh3 37. f3 Bg3 38. Bd1 Rc1 39. Bxc1 Rxc1 0-1

[Event "Early-Titled-Tuesday-Blitz-March-05-2024"]
[Site "Chess.com"]
[Date "2024.03.05"]
[Round "4"]
[White "KononenkoD"]
[Black "Vse_po_kaify"]
[Result "0-1"]
[WhiteElo "2604"]
[BlackElo "2336"]
[TimeControl "180+1"]
[EndTime "8:42:04 PST"]
[Termination "Vse_po_kaify won by resignation"]

1. e4 e5 2. Nf3 Nf6 3. Nxe5 d6 4.
Nf3 Nxe4 5. Qe2 Qe7 6. d3 Nf6 7. Bg5 Be6 8. Nd4 Nc6 9. Nxe6 fxe6 10. c3 O-O-O 11. Nd2 h6 12. Bh4 g5 13. Bg3 Bg7 14.
O-O-O Rhf8 15. d4 Nd5 16. f3 Rde8 17. Qc4 Ne3 18. Qa4 Nxd1 19. Qxd1 d5 20. Bb5 e5 21. Bxc6 bxc6 22. Re1 Qd7 23. dxe5 d4 24. Qa4 dxc3 25. Qa6+ Kb8 26. bxc3 Re6 27. Kc2 c5 28. Qc4 Rd8 29. Ne4 Bxe5 30. Rb1+ Ka8 31. Bf2 Rb6 32.
Rb3 Qd1+ 33. Kb2 Bf4 34. Ka3 Bc1+ 35. Ka4 Qd7+ 36. Ka5 Qc6 37. Nxc5 Rd5 38. Rb5 Rxb5+ 39. Qxb5 Qxb5+ 40. Kxb5 Ba3 41. Kc6 Bxc5 42. Bxc5 Rd2 43. Kxc7 Rxa2 44. g3 Rxh2 45. Bd6 Rc2 46. Kd7 Rxc3 47.
Bf8 Rxf3 48. Bxh6 0-1

[Event "Early-Titled-Tuesday-Blitz-March-05-2024"]
[Site "Chess.com"]
[Date "2024.03.05"]
[Round "4"]
[White "wadsy27"]
[Black "crosky"]
[Result "1-0"]
[WhiteElo "2618"]
[BlackElo "2282"]
[TimeControl "180+1"]
[EndTime "8:42:04 PST"]
[Termination "wadsy27 won on time"]

1. Nf3 Nf6 2. g3 b5 3. Bg2 Bb7 4. O-O c5 5. d3 e6 6. e4 d6 7. a4 b4 8. Nbd2 Be7 9. Nc4 O-O 10. Re1 Nc6 11. e5 Ne8 12. exd6 Nxd6 13. Nfe5 Nxe5 14. Bxb7 Nxb7 15. Nxe5 Qc7 16. Bf4 Bd6 17.
Qf3 Rac8 18. Re4 Na5 19. b3 Nc6 20. Nxc6 Qxc6 21. Bxd6 Qxd6 22. Rae1 h6 23. h4 Qd5 24.
Qf4 Rcd8 25. Rc4 Rc8 26. Re5 Qd6 27. Qe3 Rfd8 28. Rexc5 Rxc5 29. Qxc5 Qxc5 30. Rxc5 Kf8 31. Rc4 a5 32. Rc7 g6 33. Kf1 Rd5 34. Ke2 h5 35.
f4 Kg7 36. Ke3 Kf6 37. d4 Rf5 38. Rc5 Rd5 39. c4 Rf5 40. Rxf5+ gxf5 41. c5 Ke7 42. d5 Kd7 43. Kd4 1-0

[Event "Early-Titled-Tuesday-Blitz-March-05-2024"]
[Site "Chess.com"]
[Date "2024.03.05"]
[Round "4"]
[White "MarijaKuznecova"]
[Black "Shushik"]
[Result "0-1"]
[WhiteElo "2341"]
[BlackElo "2549"]
[TimeControl "180+1"]
[EndTime "8:42:04 PST"]
[Termination "Shushik won by resignation"]

1. e4 c5 2. Nf3 d6 3. d4 cxd4 4.
Nxd4 Nf6 5. Nc3 a6 6. Qd3 e6 7. a4 Be7 8. f4 O-O 9. Be2 Nc6 10. Be3 Nb4 11. Qd2 Bd7 12. Bf3 Rc8 13. O-O Re8 14.
Qf2 e5 15. Nf5 Bf8 16. Bb6 Rc7 17. Rfd1 Qc8 18. Bxc7 Qxc7 19. Kh1 exf4 20. Qd2 d5 21. e5 Qxe5 22. Nd4 Bc5 23. Nce2 g5 24. c3 Nc6 25.
Nxc6 bxc6 26. h3 h5 27. Nd4 g4 28. Re1 Ne4 29. Bxe4 dxe4 30. b4 Bd6 31. Rad1 e3 32. Qd3 f3 33. Nxf3 gxf3 34. Qxd6 Qxd6 35. Rxd6 f2 36.
Rdd1 e2 37. Kh2 exd1=Q 38. Rxd1 Re1 0-1

[Event "Early-Titled-Tuesday-Blitz-March-05-2024"]
[Site "Chess.com"]
[Date "2024.03.05"]
[Round "4"]
[White "MagnusCarlsen"]
[Black "Vaathi_Coming"]
[Result "1-0"]
[WhiteElo "3279"]
[BlackElo "2893"]
[TimeControl "180+1"]
[EndTime "8:42:05 PST"]
[Termination "MagnusCarlsen won on time"]

1. d4 Nf6 2. Bf4 d5 3. e3 Bf5 4. c4 e6 5. Nc3 Nbd7 6. Nf3 c6 7. Qb3 dxc4 8. Bxc4 Nb6 9. Be2 Be7 10. O-O h6 11. h3 O-O 12. Bh2 a5 13. a4 Nfd5 14. Rac1 Bh7 15.
Rfd1 Nb4 16. e4 Nd7 17. Bf4 Nf6 18. Nd2 Kh8 19. Be3 Nd7 20. Nc4 f5 21. d5 exd5 22.
exd5 f4 23. Bd2 cxd5 24. Nb5 dxc4 25. Bxc4 Nc5 26. Qf3 Qb6 27. Bc3 Bf6 28. Rd6 Nc6 29. Rcd1 Bxc3 30. Qxc3 Ne4 31. Qf3 Nxd6 32. Nxd6 1-0

[Event "Early-Titled-Tuesday-Blitz-March-05-2024"]
[Site "Chess.com"]
[Date "2024.03.05"]
[Round "4"]
[White "AttackSparrow"]
[Black "David_George21"]
[Result "1-0"]
[WhiteElo "2637"]
[BlackElo "2430"]
[TimeControl "180+1"]
[EndTime "8:42:06 PST"]
[Termination "AttackSparrow won by checkmate"]

1. Nf3 c5 2. e3 Nf6 3. d4 e6 4. Bd3 Nc6 5. a3 d5 6. b3 Bd6 7. Bb2 O-O 8. O-O b6 9. Nbd2 Bb7 10. Qe2 a6 11. Rfd1 b5 12. dxc5 Bxc5 13. c4 bxc4 14.
bxc4 Qe7 15. Nb3 dxc4 16. Bxc4 Ba7 17. a4 Nb4 18. Na5 Be4 19. Ba3 Bb6 20. Nb3 a5 21. Nbd4 Qb7 22. Ne1 Nfd5 23. Rac1 Rfd8 24. Bb2 Rac8 25.
Nb5 f6 26. h4 Kh8 27. h5 h6 28.
Qg4 Bf5 29. Qh4 Nxe3 30. fxe3 Bxe3+ 31. Kh1 Bxc1 32. Rxc1 Rc6 33. Be2 Rxc1 34. Bxc1 Qc6 35. Bxh6 Qc5 36. Bf4 Nc2 37. h6 Nxe1 38. hxg7+ Kxg7 39. Qh6+ Kf7 40. Bh5+ Ke7 41. Qg7# 1-0

[Event "Early-Titled-Tuesday-Blitz-March-05-2024"]
[Site "Chess.com"]
[Date "2024.03.05"]
[Round "4"]
[White "TheKingDoctor"]
[Black "Yeritsyaan"]
[Result "0-1"]
[WhiteElo "2364"]
[BlackElo "2585"]
[TimeControl "180+1"]
[EndTime "8:42:06 PST"]
[Termination "Yeritsyaan won by resignation"]

1. e4 c5 2. c3 g6 3. d4 cxd4 4. Nf3 Bg7 5. Bc4 d6 6. Qb3 e6 7. cxd4 Nc6 8. Be3 Nf6 9. Nc3 O-O 10.
Bd3 b6 11. O-O Bb7 12. h3 Rc8 13. Rac1 Na5 14. Qa4 a6 15. Rfe1 b5 16. Qa3 Nc4 17. Bxc4 Rxc4 18. Bg5 Qc7 19. Bxf6 Bxf6 20. e5 dxe5 21.
dxe5 Be7 22. Qb3 Bxf3 23. gxf3 Rc8 24. a3 Qb7 25. Kg2 Bg5 26. Rcd1 Bf4 27. Re4 Qe7 28. Ne2 Qg5+ 29. Kf1 Rxe4 30. fxe4 Bxe5 31. Qc3 Bxc3 32.
Nxc3 Qh5 33. Rd3 a5 34. Kg2 b4 35. axb4 axb4 36. Nb5 Qxb5 37. Rf3 Qe5 38. b3 Rc3 39. h4 Qxe4 40. h5 Qxf3+ 41. Kg1 Rc1+ 0-1

[Event "Early-Titled-Tuesday-Blitz-March-05-2024"]
[Site "Chess.com"]
[Date "2024.03.05"]
[Round "4"]
[White "JoliyRoger"]
[Black "Aslanov_Umid"]
[Result "0-1"]
[WhiteElo "2421"]
[BlackElo "2621"]
[TimeControl "180+1"]
[EndTime "8:42:06 PST"]
[Termination "Aslanov_Umid won on time"]

1. d4 d5 2. c4 c6 3. Nc3 Nf6 4. Nf3 e6 5. e3 Nbd7 6. b3 Bd6 7.
Bb2 O-O 8. Bd3 Re8 9. Qc2 a6 10. O-O e5 11. cxd5 cxd5 12. dxe5 Nxe5 13. Nxe5 Bxe5 14.
Ne2 Bxh2+ 15. Kxh2 Ng4+ 16. Kg3 Qg5 17. f4 Qh5 18. Bd4 Qh2+ 19. Kf3 Qh4 20. g3 Qh5 21. Rh1 Nh2+ 22. Kg2 Qh3+ 23. Kf2 Be6 24. Rag1 Rac8 25. Qb1 Ng4+ 26. Ke1 Nh2 27. Kd1 h6 28. Qb2 Bg4 29.
Qd2 Bf3 30. Qe1 Bxh1 31. Rxh1 Rc6 32. Qf2 Qc8 0-1

[Event "Early-Titled-Tuesday-Blitz-March-05-2024"]
[Site "Chess.com"]
[Date "2024.03.05"]
[Round "4"]
[White "ClauSanLuis"]
[Black "dianamirza"]
[Result "1-0"]
[WhiteElo "2283"]
[BlackElo "1990"]
[TimeControl "180+1"]
[EndTime "8:42:06 PST"]
[Termination "ClauSanLuis won on time"]

1. d4 Nf6 2. Bg5 c6 3. Bxf6 gxf6 4. e3 e5 5. Ne2 d5 6. Nd2 Bf5 7. Nf3 Nd7 8. Ng3 Bg6 9. Nh4 Bg7 10. Nhf5 O-O 11. h4 Bxf5 12. Nxf5 Kh8 13. h5 Rg8 14. h6 Bf8 15. Qh5 Rg6 16. g4 exd4 17. Nxd4 Ne5 18.
Be2 c5 19. Nf5 Qa5+ 20. c3 d4 21. exd4 cxd4 22. O-O d3 23. Bd1 Qd5 24. Qh3 Bc5 25. Kh2 Rag8 26. b4 Bf8 27. Ne3 Rxh6 28. Nxd5 Rxh3+ 29. Kxh3 Bg7 30. Ne7 Re8 31. Nf5 Nc4 32.
Bb3 Nd2 33. Rfd1 Ne4 34. Kg2 Rd8 35. Rac1 d2 36. Rc2 Rd3 37. f3 Nxc3 38. Rdxd2 Rxd2+ 39.
Rxd2 Bf8 40. Rd8 Kg8 41. Nd6 Kg7 42. Nf5+ Kg8 43. Rc8 1-0

[Event "Early-Titled-Tuesday-Blitz-March-05-2024"]
[Site "Chess.com"]
[Date "2024.03.05"]
[Round "4"]
[White "SchmakAttack"]
[Black "Hikaru"]
[Result "0-1"]
[WhiteElo "2804"]
[BlackElo "3275"]
[TimeControl "180+1"]
[EndTime "8:42:07 PST"]
[Termination "Hikaru won by resignation"]

1. d4 g6 2. c4 Bg7 3. Nc3 d6 4. g3 Nc6 5. Nf3 Bd7 6. Bg2 Qc8 7. O-O Bh3 8. d5 Ne5 9. Nxe5 Bxe5 10. e4 Nf6 11.
Qe2 h5 12. f4 Bd4+ 13. Be3 Bxe3+ 14. Qxe3 Bxg2 15. Kxg2 h4 16. h3 hxg3 17. Qxg3 c6 18. e5 Nh5 19. Qg4 Ng7 20. Qxc8+ Rxc8 21. exd6 exd6 22.
Rae1+ Kf8 23. dxc6 bxc6 24. Ne4 Nf5 25. Rf2 Re8 26.
Rfe2 Kg7 27. Ng5 Rxe2+ 28. Rxe2 Rh4 29. Rf2 d5 30. cxd5 cxd5 31. b4 d4 32. a4 d3 33.
b5 Ne3+ 34. Kf3 Nc4 35. Kg3 Rh8 36. Ne4 Re8 37. Nd2 Nb2 38. a5 Rb8 39. b6 axb6 40.
a6 Ra8 41. Ne4 Nc4 42. Ra2 b5 43. Kf2 b4 44. Nc5 d2 45. Ra1 Nb2 46. Ke2 d1=Q+ 47. Rxd1 Re8+ 48. Kd2 Rd8+ 49. Kc2 Nxd1 50. a7 Ne3+ 0-1

[Event "Early-Titled-Tuesday-Blitz-March-05-2024"]
[Site "Chess.com"]
[Date "2024.03.05"]
[Round "4"]
[White "maciek_92"]
[Black "Firouzja2003"]
[Result "0-1"]
[WhiteElo "2874"]
[BlackElo "3222"]
[TimeControl "180+1"]
[EndTime "8:42:08 PST"]
[Termination "Firouzja2003 won on time"]

1. c4 g6 2. Nc3 Bg7 3. g3 Nf6 4.
Bg2 O-O 5. d4 d6 6. e3 Nc6 7. Nge2 e5 8. O-O Re8 9. h3 exd4 10.
exd4 h6 11. Be3 Ne7 12. g4 h5 13. f3 Ned5 14. Bf2 Ne3 15. Bxe3 Rxe3 16. Qd2 Re8 17. Rae1 c6 18. Ng3 Rxe1 19. Rxe1 Be6 20. d5 cxd5 21. cxd5 Bd7 22. gxh5 Nxh5 23. Nxh5 gxh5 24. Ne4 Bf5 25. Ng3 Bg6 26. f4 Qb6+ 27. Kh1 Qxb2 28. Qxb2 Bxb2 29. f5 Bh7 30. Be4 h4 31. Nh5 Re8 32. Rg1+ Kf8 33. Rg4 Re5 34. Rf4 Bc1 35. Rf1 Bg5 36. Bb1 Rxd5 37. Kg2 Rb5 38. Bd3 Rd5 39. Bb1 Re5 40. Bd3 d5 41. Bb1 b6 42. Bc2 d4 0-1

[Event "Early-Titled-Tuesday-Blitz-March-05-2024"]
[Site "Chess.com"]
[Date "2024.03.05"]
[Round "4"]
[White "Polish_fighter3000"]
[Black "ContrVersia"]
[Result "1-0"]
[WhiteElo "3116"]
[BlackElo "2871"]
[TimeControl "180+1"]
[EndTime "8:42:09 PST"]
[Termination "Polish_fighter3000 won on time"]

1. e4 c5 2. Nf3 a6 3. c3 e6 4. d4 d5 5. e5 Bd7 6. Bd3 Nc6 7. a3 Qb6 8. O-O cxd4 9. Re1 dxc3 10. Nxc3 Bc5 11. Re2 Nd4 12. Nxd4 Bxd4 13. Bf4 Ne7 14.
Rc1 Rc8 15. h4 O-O 16. h5 f6 17. Qd2 Nc6 18. exf6 Rxf6 19. Bg5 Rf7 20. Bb1 h6 21. Bh4 Bf6 22. Qd3 Bxh4 23. Qh7+ Kf8 24. Nxd5 Qxf2+ 25. Kh1 Ne7 26. Rxc8+ Bxc8 27. Qh8+ Ng8 28. Rxf2 Rxf2 29.
Bh7 exd5 30. Qxg8+ Ke7 31. Qxc8 Bg3 32. Qxb7+ Kf6 33.
Qxa6+ Ke5 34. Qd3 Kf4 35. Qd4+ Kg5 36. Bd3 Rd2 37. Qe3+ Bf4 38. Qf3 d4 39. g3 1-0

[Event "Early-Titled-Tuesday-Blitz-March-05-2024"]
[Site "Chess.com"]
[Date "2024.03.05"]
[Round "4"]
[White "tetrix83"]
[Black "xamax2000"]
[Result "1-0"]
[WhiteElo "2624"]
[BlackElo "2924"]
[TimeControl "180+1"]
[EndTime "8:42:09 PST"]
[Termination "tetrix83 won by resignation"]

1. e4 e5 2. Nf3 Nc6 3. Bb5 a6 4. Bxc6 dxc6 5. O-O Qf6 6. d4 exd4 7. Bg5 Qd6 8. Qxd4 Qxd4 9. Nxd4 c5 10. Ne2 Be6 11.
Nbc3 f6 12. Bf4 O-O-O 13. Rad1 Rxd1 14. Rxd1 Ne7 15. Bg3 g5 16. f4 Nc6 17. f5 Bf7 18. Nd5 Bxd5 19. exd5 Ne7 20. d6 cxd6 21. Rxd6 Nxf5 22.
Rxf6 Nxg3 23. Nxg3 Kd7 24. Rf7+ Kc6 25. Nf5 c4 26.
Nd4+ Kb6 27. Rf6+ Ka7 28. Ne6 Be7 29. Rf7 Bd8 30. Kf1 h6 31. Nc5 Kb6 32. Nxb7 Bc7 33. Na5 Kxa5 34. Rxc7 Rb8 35. b3 cxb3 36. axb3 Kb4 37. Rc4+ Kb5 38. Kf2 Rf8+ 39. Kg3 Rf1 40. h4 gxh4+ 41. Kxh4 Rf5 42. g4 Re5 43. Rf4 Rc5 44.
Rf5 Rxf5 45. gxf5 1-0

[Event "Early-Titled-Tuesday-Blitz-March-05-2024"]
[Site "Chess.com"]
[Date "2024.03.05"]
[Round "4"]
[White "Mariia89"]
[Black "Sebastian"]
[Result "0-1"]
[WhiteElo "2271"]
[BlackElo "2910"]
[TimeControl "180+1"]
[EndTime "8:42:09 PST"]
[Termination "Sebastian won on time"]

1. d4 d5 2. c4 dxc4 3. e3 Nf6 4.
Bxc4 e6 5. Nc3 a6 6. Nf3 b5 7.
Bd3 Bb7 8. O-O c5 9. b3 Nbd7 10. Bb2 Be7 11. Rc1 O-O 12. Bb1 Qb6 13. Ne5 Rfd8 14.
Qe2 Rac8 15. Rfd1 cxd4 16. exd4 Nxe5 17. dxe5 Rxd1+ 18. Rxd1 Nd5 19. Ne4 b4 20. Qh5 g6 21.
Qh6 Qd8 22. Nf6+ Bxf6 23. exf6 Qf8 24. Qh4 a5 25. h3 Nc3 26. Re1 Rc5 27. Qg4 Qd6 28.
h4 Re5 29. Rf1 Qd5 30. Bc2 h5 31. Qg3 Ne2+ 32. Kh2 Nxg3 33. Kxg3 Qxg2+ 34. Kf4 Re4+ 35. Bxe4 Qxe4+ 36. Kg3 Qg4+ 0-1

[Event "Early-Titled-Tuesday-Blitz-March-05-2024"]
[Site "Chess.com"]
[Date "2024.03.05"]
[Round "4"]
[White "SnekkerAndersen"]
[Black "Hurghada"]
[Result "1-0"]
[WhiteElo "2630"]
[BlackElo "2393"]
[TimeControl "180+1"]
[EndTime "8:42:11 PST"]
[Termination "SnekkerAndersen won by resignation"]

1. c4 e6 2. Nc3 d5 3. d4 c6 4. e3 Nf6 5. Nf3 a6 6. Bd3 dxc4 7. Bxc4 b5 8. Bb3 Bb7 9. O-O Nbd7 10. Qe2 c5 11.
Rd1 c4 12. Bc2 Be7 13. e4 O-O 14. e5 Nd5 15. Ne4 h6 16. a3 Re8 17. Ng3 Qb6 18.
Qe4 Nf8 19. Qg4 f5 20. exf6 Nxf6 21. Qh3 Bxf3 22. gxf3 Rad8 23. Be3 Nd5 24. Qg4 Nf6 25. Qh3 Nd5 26. Kh1 b4 27. axb4 Nxb4 28. Be4 Nd5 29. Rg1 Nxe3 30. fxe3 Qxb2 31. Nh5 g5 32. Rxa6 Ra8 33.
Rxe6 Ra1 34. Nf6+ Bxf6 35. Rxe8 Rxg1+ 36. Kxg1 Qc1+ 37. Kg2 Qd2+ 38. Kg3 Kg7 39. Qf1 Qxe3 40. Qxc4 Qf4+ 41. Kg2 Qd2+ 42. Kf1 Qd1+ 43. Kg2 Qd2+ 44. Kh3 Qf4 45. Qd5 g4+ 46. fxg4 Qf1+ 47. Bg2 Qd3+ 48. Qf3 Qxf3+ 49. Bxf3 Ng6 50. Re4 Bg5 51. Kg3 Nf4 52.
Rxf4 1-0

[Event "Early-Titled-Tuesday-Blitz-March-05-2024"]
[Site "Chess.com"]
[Date "2024.03.05"]
[Round "4"]
[White "Eagle_2019"]
[Black "ukchessbomber"]
[Result "1-0"]
[WhiteElo "2868"]
[BlackElo "2655"]
[TimeControl "180+1"]
[EndTime "8:42:12 PST"]
[Termination "Eagle_2019 won by resignation"]

1. Nf3 b6 2. g3 Bb7 3. Bg2 g6 4. O-O Bg7 5. d3 c5 6. e4 e6 7. Nbd2 Ne7 8. e5 O-O 9. Nc4 Nf5 10. Bg5 f6 11. exf6 Bxf6 12. Bxf6 Qxf6 13. c3 Nc6 14. Qe2 b5 15. Ncd2 d5 16. Rfe1 Rfe8 17. a4 b4 18. Ne5 bxc3 19. bxc3 Nxe5 20. Qxe5 Qxe5 21. Rxe5 Kf7 22. f4 Bc6 23. Nf3 h6 24. Re2 Rec8 25. Rb1 Kf6 26. a5 Rab8 27. Rbe1 Ng7 28. Ne5 Be8 29.
Ng4+ Kf7 30. Nxh6+ Kf8 31. Ng4 Rb3 32. c4 Rxd3 33.
Ne5 Rd4 34. cxd5 exd5 35. Rb2 c4 36. Rc1 Nf5 37. Rc3 Rd1+ 38. Kf2 Nd6 39. Bf3 Rd4 40.
Rcc2 Nb5 41. Ke3 c3 42. Rxb5 Re4+ 43. Bxe4 Bxb5 44. Bxg6 Ba4 45. Rc1 c2 46. Kd2 1-0

[Event "Early-Titled-Tuesday-Blitz-March-05-2024"]
[Site "Chess.com"]
[Date "2024.03.05"]
[Round "4"]
[White "abelmat"]
[Black "FuenfgegenWilly"]
[Result "0-1"]
[WhiteElo "2050"]
[BlackElo "2440"]
[TimeControl "180+1"]
[EndTime "8:42:12 PST"]
[Termination "FuenfgegenWilly won on time"]

1. c4 c5 2. Nc3 Nc6 3. Nf3 e5 4. g3 g6 5. Bg2 Bg7 6. O-O d6 7. d3 Nge7 8. Be3 O-O 9. Qd2 Be6 10. Ng5 Nf5 11. Nxe6 fxe6 12. a3 Ncd4 13. Bxd4 Nxd4 14. Qd1 Rb8 15. e3 Nf5 16. Rb1 Qa5 17. Bh3 a6 18.
Bxf5 Rxf5 19. Ne4 d5 20. b4 cxb4 21. axb4 Qc7 22. Nd2 Rbf8 23. Rc1 Qf7 24. Qe2 Bh6 25. Rc2 Rh5 26. cxd5 exd5 27. e4 Bxd2 28. Qxd2 Qf3 29. exd5 Qxd5 30. Rc7 Rff5 31. Qc2 Rf7 32. Qc4 Qxc4 33.
Rxc4 Rhf5 34. f4 Kg7 35. Kg2 exf4 36. Rcxf4 Rxf4 37. gxf4 Rd7 38. Rd1 Rd4 39. Rc1 Rxb4 40. Rc7+ Kh6 41. Kf3 a5 42. h3 a4 43. Rc5 b5 44. Rc6 a3 45. Ra6 Rb3 46. h4 b4 47.
Kg4 Rb1 48. h5 Rg1+ 49. Kf3 Kxh5 50. Rb6 a2 51. Ra6 a1=Q 52. Ra5+ Qxa5 0-1

[Event "Early-Titled-Tuesday-Blitz-March-05-2024"]
[Site "Chess.com"]
[Date "2024.03.05"]
[Round "4"]
[White "jk13"]
[Black "secrethawk1"]
[Result "1-0"]
[WhiteElo "2686"]
[BlackElo "2492"]
[TimeControl "180+1"]
[EndTime "8:42:13 PST"]
[Termination "jk13 won by checkmate"]

1. e4 c5 2. c3 d5 3. exd5 Qxd5 4. d4 Nf6 5. Nf3 Bg4 6. Nbd2 Nc6 7.
Bc4 Qd8 8. Qb3 e6 9. Qxb7 Qc8 10. Ba6 Ne7 11. Bb5+ Kd8 12. Qxc8+ Nxc8 13. Ne5 Bh5 14. Nb3 cxd4 15. Nxd4 Nd6 16. Be2 Bxe2 17. Kxe2 Ke8 18. c4 Nd7 19. Nxd7 Kxd7 20. b3 Be7 21. Be3 Rac8 22. Rhd1 a6 23. Nf3 Kc7 24. Rd3 f6 25.
Rad1 e5 26. Rd5 Rhd8 27. g4 Ne4 28. Rxd8 Rxd8 29. Rxd8 Bxd8 30. Kd3 Nd6 31. Nd2 Kc6 32. Ne4 Nb7 33. b4 Be7 34. Kc3 Nd8 35. a4 Ne6 36.
b5+ axb5 37. axb5+ Kc7 38. c5 g6 39. Kc4 f5 40. gxf5 gxf5 41. Nc3 f4 42. Nd5+ Kd7 43. c6+ Ke8 44. Ba7 Bd6 45. b6 Nc5 46. b7 Na6 47. Kb5 Nb8 48. Bxb8 Bxb8 49. c7 Bxc7 50. Nxc7+ Kf7 51.
b8=Q Kg6 52. Qe8+ Kg5 53. Qxe5+ Kg4 54. Ne6 Kf3 55. Qxf4+ Kg2 56. Qg4+ Kh1 57. f4 h5 58.
Qg5 h4 59. f5 h3 60. f6 Kxh2 61. f7 Kh1 62. f8=Q h2 63. Qf3# 1-0

[Event "Early-Titled-Tuesday-Blitz-March-05-2024"]
[Site "Chess.com"]
[Date "2024.03.05"]
[Round "4"]
[White "Akylbek2021"]
[Black "MaxLeto"]
[Result "1-0"]
[WhiteElo "2302"]
[BlackElo "2466"]
[TimeControl "180+1"]
[EndTime "8:42:13 PST"]
[Termination "Akylbek2021 won on time"]

1. g4 d5 2. Bg2 Bxg4 3. c4 c6 4. cxd5 cxd5 5. Qb3 Nf6 6. Qxb7 Nbd7 7. d3 Rb8 8. Qxa7 e6 9. Qa4 Bd6 10. Nc3 O-O 11.
Nf3 Nc5 12. Qc2 h6 13. Bd2 Qc7 14. Rc1 Rfc8 15. h3 Bh5 16. O-O e5 17. d4 exd4 18. Nxd4 Qd7 19. Qf5 Ne6 20. Nxd5 Nxd5 21. Bxd5 Bg6 22.
Bxe6 Bxf5 23. Bxd7 Bxd7 24. b3 Bxh3 25. Rfd1 Be5 26.
Nc6 Rb5 27. Ne7+ Kh7 28. Nxc8 Bb8 29. Be3 Rh5 30. Ne7 Bg4 31. f3 Be6 32. Nc6 Bg3 33. Bf2 Bd6 34. Rxd6 Rg5+ 35. Kf1 h5 36. Ke1 Re5 37.
Rc3 1-0

[Event "Early-Titled-Tuesday-Blitz-March-05-2024"]
[Site "Chess.com"]
[Date "2024.03.05"]
[Round "4"]
[White "david_gomez"]
[Black "aljado"]
[Result "1-0"]
[WhiteElo "2616"]
[BlackElo "2056"]
[TimeControl "180+1"]
[EndTime "8:42:14 PST"]
[Termination "david_gomez won on time"]

1. d4 d5 2. c4 c6 3. Nc3 Nf6 4. Nf3 e6 5. Qc2 Be7 6. e4 dxe4 7. Nxe4 O-O 8. Bd3 Nbd7 9. O-O b6 10. Bf4 c5 11. dxc5 bxc5 12. Ne5 Bb7 13. Ng5 h6 14.
Nh7 Nxe5 15. Bxe5 Nxh7 16. Bxh7+ Kh8 17. Rad1 Qb6 18. Rd7 Qc6 19. Rxb7 Qxb7 20. Be4 Qa6 21. Bxa8 Rxa8 22. b3 Rd8 23. g3 Qa5 24. Bc3 Qc7 25. Rd1 Rxd1+ 26. Qxd1 Qd6 27. Qxd6 Bxd6 28. Kg2 Kg8 29.
g4 Kf8 30. h4 g6 31. h5 Ke7 32. Bg7 gxh5 33. gxh5 Bf4 34. Kf3 e5 35. Ke4 Ke6 36. Bf8 f5+ 37. Kf3 Bd2 38. Bxc5 e4+ 39. Ke2 Bc3 40. Bf8 f4 41. Bxh6 f3+ 42. Kf1 Kf5 43. Be3 a6 44. h6 Kg4 45. c5 Kf5 46. c6 Ke6 47. Bf4 Bd4 48. b4 Bc3 49. a4 1-0